 Dungeon Crawl Stone Soup version 0.25.1-8-g42b30a86e7 (webtiles) character file.

Game seed: 3862543825848954656

416 Azimut41r the Charlatan (level 6, -8/76 HPs)
             Began as a Gnoll Artificer on Dec 13, 2020.
             Mangled by an ice beast (11 damage)
             ... on level 5 of the Dungeon.
             The game lasted 00:12:43 (2813 turns).

Azimut41r the Charlatan (Gnoll Artificer)           Turns: 2813, Time: 00:12:44

Health: -8/76      AC: 23    Str: 15    XL:     6   Next: 92%
Magic:  11/11      EV:  2    Int: 15    God:
Gold:   155        SH:  4    Dex: 15    Spells: 9/9 levels left

rFire    . . .     SeeInvis .   v - +2 dagger (flame)
rCold    . . .     Gourm    .   p - +0 buckler
rNeg     + + +     Faith    .   (armour currently unavailable)
rPois    +         Spirit   .   (helmet currently unavailable)
rElec    .         Reflect  .   (cloak currently unavailable)
rCorr    .         Harm     .   (gloves currently unavailable)
MR       .....     NoTele   +   (boots currently unavailable)
Stlth    ++........             (no amulet)
HPRegen  0.22/turn              (no ring)
MPRegen  0.12/turn              (no ring)

@: tree-form, hasted, very quick
A: distributed training, blurry vision 1, robust 1, strong nose
a: no special abilities


You were on level 5 of the Dungeon.
You were not hungry.
You were a tree.
You visited 1 branch of the dungeon, and saw 5 of its levels.

You collected 155 gold pieces.

Inventory:

Hand Weapons
 a - a +0 short sword
 v - a +2 dagger of flaming (weapon)
Missiles
 j - 13 poisoned darts
 l - 3 javelins (quivered)
 q - 35 arrows
 r - 81 bolts
Armour
 b - a +0 leather armour
 k - a +0 scale mail
 p - a +0 buckler (worn)
 u - a cursed +0 ring mail (melded)
Wands
 d - a wand of enslavement (13)
 e - a wand of random effects (7)
Scrolls
 g - a scroll of noise {unknown}
 s - a scroll of blinking
Potions
 h - a potion of magic
 i - a potion of degeneration
 t - a potion of lignification
Comestibles
 f - 8 rations
 o - a chunk of flesh


   Skills:
 + Level 3.3 Fighting
 + Level 3.3 Short Blades
 + Level 2.1 Long Blades
 + Level 2.1 Axes
 + Level 2.1 Maces & Flails
 + Level 2.1 Polearms
 + Level 2.1 Staves
 + Level 2.1 Slings
 + Level 2.1 Bows
 + Level 2.1 Crossbows
 + Level 2.1 Throwing
 + Level 2.1 Armour
 + Level 5.0 Dodging
 + Level 3.2 Stealth
 + Level 2.1 Shields
 + Level 2.1 Unarmed Combat
 + Level 2.1 Spellcasting
 + Level 1.7 Conjurations
 + Level 1.7 Hexes
 + Level 1.7 Charms
 + Level 1.7 Summonings
 + Level 1.7 Necromancy
 + Level 1.7 Translocations
 + Level 1.7 Transmutations
 + Level 1.7 Fire Magic
 + Level 1.7 Ice Magic
 + Level 1.7 Air Magic
 + Level 1.7 Earth Magic
 + Level 1.7 Poison Magic
 + Level 2.3 Invocations
 + Level 6.9 Evocations


You had 9 spell levels left.
You didn't know any spells.
Your spell library was empty.

Dungeon Overview and Level Annotations

Branches:
Dungeon (4/15)
 Temple: D:4-7

Altars:
Trog

Annotations:
D:5 Ijyb


Innate Abilities, Weirdness & Mutations

Your experience applies equally to all skills.
((You have very sharp teeth.))
Your uncanny sense of smell can sniff out nearby items.
Scrolls take you a little longer to read.
You are robust. (+10% HP)


Message History

You are too injured to fight recklessly!
You are too injured to fight recklessly!
You are too injured to fight recklessly!
You are too injured to fight recklessly!
You are too injured to fight recklessly!
You are too injured to fight recklessly!
You are too injured to fight recklessly!
You are too injured to fight recklessly!
You are too injured to fight recklessly!
You hit the ice beast.
You melt the ice beast.
The ice beast is lightly wounded.
The ice beast hits you but does no damage.
You hit the ice beast.
You melt the ice beast.
The ice beast is moderately wounded.
You barely miss the ice beast.
The ice beast is moderately wounded.
The ice beast hits you.
* * * LOW HITPOINT WARNING * * *
The ice beast freezes you!
You die...

## #.# #..##
##....####
#........###
#..........##
#....♣Y....##
#...####....##
#.. ###...##
#. ##...## #
##)..##
##)..##
##)).## #[)..#
##...#


You could see an ice beast.

Vanquished Creatures
  Sigmund (D:4)
  A crimson imp (D:5)
  2 orc wizards (D:5)
  2 worker ants
  A gnoll (D:1)
  4 adders
  2 worms (D:2)
  4 dart slugs
  3 leopard geckos
  2 orcs (D:5)
  2 giant cockroaches
  6 goblins
  11 hobgoblins
  A ball python (D:1)
  7 bats
  2 frilled lizards
  8 kobolds
  8 rats
67 creatures vanquished.

Vanquished Creatures (collateral kills)
  An orc wizard (D:5)
  An orc (D:5)
2 creatures vanquished.

Vanquished Creatures (others)
  An orc (D:5)
1 creature vanquished.

Grand Total: 70 creatures vanquished

Notes
Turn   | Place    | Note
-------+----------+-------------------------------------------
     0 | D:1      | Azimut41r the Gnoll Artificer began the quest for the Orb.
     0 | D:1      | Reached XP level 1. HP: 17/17 MP: 4/4
   236 | D:1      | Reached XP level 2. HP: 23/23 MP: 6/6
   884 | D:1      | Reached XP level 3. HP: 28/28 MP: 7/7
  1208 | D:2      | Reached skill level 1 in Invocations
  1331 | D:2      | Found a bloodstained altar of Trog.
  1414 | D:2      | Reached skill level 1 in Long Blades
  1414 | D:2      | Reached skill level 1 in Axes
  1414 | D:2      | Reached skill level 1 in Maces & Flails
  1414 | D:2      | Reached skill level 1 in Polearms
  1414 | D:2      | Reached skill level 1 in Staves
  1414 | D:2      | Reached skill level 1 in Slings
  1414 | D:2      | Reached skill level 1 in Bows
  1414 | D:2      | Reached skill level 1 in Crossbows
  1414 | D:2      | Reached skill level 1 in Throwing
  1414 | D:2      | Reached skill level 1 in Armour
  1414 | D:2      | Reached skill level 1 in Shields
  1414 | D:2      | Reached skill level 1 in Unarmed Combat
  1414 | D:2      | Reached skill level 1 in Spellcasting
  1414 | D:2      | Reached XP level 4. HP: 34/34 MP: 8/8
  1938 | D:2      | Reached skill level 1 in Conjurations
  1938 | D:2      | Reached skill level 1 in Hexes
  1938 | D:2      | Reached skill level 1 in Charms
  1938 | D:2      | Reached skill level 1 in Summonings
  1938 | D:2      | Reached skill level 1 in Necromancy
  1938 | D:2      | Reached skill level 1 in Translocations
  1938 | D:2      | Reached skill level 1 in Transmutations
  1938 | D:2      | Reached skill level 1 in Fire Magic
  1938 | D:2      | Reached skill level 1 in Ice Magic
  1938 | D:2      | Reached skill level 1 in Air Magic
  1938 | D:2      | Reached skill level 1 in Earth Magic
  1938 | D:2      | Reached skill level 1 in Poison Magic
  2409 | D:4      | Noticed Sigmund
  2418 | D:4      | Reached XP level 5. HP: 26/40 MP: 8/10
  2424 | D:4      | Killed Sigmund
  2424 | D:4      | Reached XP level 6. HP: 16/47 MP: 8/11
  2728 | D:3      | You fall into a shaft and drop 2 floors!
  2728 | D:5      | Entered Level 5 of the Dungeon
  2747 | D:5      | Reached skill level 5 in Dodging
  2756 | D:5      | Noticed an ice beast
  2761 | D:5      | Noticed Ijyb
  2779 | D:5      | Gained mutation: Scrolls take you a little longer to read.
                  | [potion of mutation]
  2779 | D:5      | Gained mutation: You are robust. (+10% HP) [potion of
                  | mutation]
  2780 | D:5      | HP: 2/51 [poisoned by a worker ant]
  2785 | D:5      | HP: 2/51 [poisoned by a worker ant]
  2792 | D:5      | HP: 3/76 [poisoned by a worker ant]
  2798 | D:5      | HP: 3/76 [poisoned by a worker ant]
  2804 | D:5      | HP: 3/76 [poisoned by a worker ant]
  2813 | D:5      | HP: 3/76 [ice beast (1)]
  2813 | D:5      | Mangled by an ice beast

Illustrated notes

Levels and vault maps discovered:
D:1:      minmay_arrival_split_and_join, layout_basic
D:2:      minmay_door_path, layout_rooms, trog_three_pillars_becter
D:3:      layout_basic, serial_glass, glass_columns_b, glass_columns_c,
          glass_columns_b, glass_columns_a, glass_columns_b, glass_columns_c,
          glass_columns_a, glass_columns_a, first_ration, minivault_26,
          minmay_misc_feat_ornament, uniq_terence
D:4:      minmay_bubble_buster, layout_loops_ring, uniq_sigmund
D:5:      layout_layer_cave, uniq_ijyb

Skill      XL: |  1  2  3  4  5  6 |
---------------+-------------------+-----
Invocations    | 1 2 |  2.3
Long Blades    | 1 2 |  2.1
Axes           | 1 2 |  2.1
Maces & Flails | 1 2 |  2.1
Polearms       | 1 2 |  2.1
Staves         | 1 2 |  2.1
Slings         | 1 2 |  2.1
Bows           | 1 2 |  2.1
Crossbows      | 1 2 |  2.1
Throwing       | 1 2 |  2.1
Armour         | 1 2 |  2.1
Shields        | 1 2 |  2.1
Unarmed Combat | 1 2 |  2.1
Spellcasting   | 1 2 |  2.1
Conjurations   | 1 |  1.7
Hexes          | 1 |  1.7
Charms         | 1 |  1.7
Summonings     | 1 |  1.7
Necromancy     | 1 |  1.7
Translocations | 1 |  1.7
Transmutations | 1 |  1.7
Fire Magic     | 1 |  1.7
Ice Magic      | 1 |  1.7
Air Magic      | 1 |  1.7
Earth Magic    | 1 |  1.7
Poison Magic   | 1 |  1.7
Fighting       | 3 |  3.3
Short Blades   | 3 |  3.3
Stealth        | 3 |  3.2
Dodging        | 5 |  5.0
Evocations     | |  6.9

Action                   |  1- 3 |  4- 6 || total
-------------------------+-------+-------++-------
Melee: Short sword       |    78 |    66 ||   144
       Bite              |    10 |    15 ||    25
       Dagger            |       |    20 ||    20
Throw: Javelin           |    19 |    17 ||    36
       Dart              |       |     6 ||     6
Evoke: Wand              |       |    25 ||    25
  Use: Scroll            |       |     4 ||     4
       Potion            |       |     3 ||     3
 Stab: Sleeping          |     1 |     2 ||     3
  Eat: Chunk             |     2 |     4 ||     6
Armor: Leather armour    |    21 |     6 ||    27
       Ring mail         |       |     2 ||     2
       Skin              |       |     2 ||     2
Dodge: Dodged            |    84 |    43 ||   127
Block: Buckler           |       |    17 ||    17
